 Dungeon Crawl Stone Soup version 0.31.0-1-g2c135a008e (webtiles) character file.

Game seed: 9071374039598004012

48 qw the Shooter (level 4, 0/34 HPs)
             Began as a Djinni Hunter on Jan 24, 2024.
             Slain by an adder (2 damage)
             ... on level 2 of the Dungeon.
             The game lasted 00:00:04 (1189 turns).

qw the Shooter (Djinni Hunter)                      Turns: 1189, Time: 00:00:04

Health: 0/34       AC:  3    Str: 10    XL:     4   Next: 0%
Gold:   60         EV: 12    Int: 11    God:
                   SH:  0    Dex: 18

rFire   + + .        a - +0 shortbow
rCold   x . .        (shield currently unavailable)
rNeg    . . .        c - +0 leather armour
rPois   inf          (no helmet)
rElec   .            (no cloak)
rCorr   .            (no gloves)
SInv    .            (boots unavailable)
Will    .....        (no amulet)
Stlth   ++           (no ring)
HPRegen 0.25/turn    (no ring)
MPRegen 0.00/turn

%: infuse magic (-1 HP)
@: flying
A: sickness immunity, fire resistance 2, cold vulnerability 1, float, innate
caster, HP casting, extra vitality 1
a: no special abilities


You were on level 2 of the Dungeon.
You visited 1 branch of the dungeon, and saw 2 of its levels.

You collected 60 gold pieces.


Innate Abilities, Weirdness & Mutations

You are immune to sickness and miasma.
You are immune to poison.
Your flesh is very heat resistant. (rF++)
You are vulnerable to cold. (rC-)
You float through the air rather than walking.
You learn spells naturally, not from books.
Your magical power is your life essence.
You have superior vitality. (+4 MHP)


   Skills:
 + Level 2.9 Fighting
 - Level 4.0 Ranged Weapons
 - Level 2.1 Dodging
 - Level 0.7 Stealth


You knew the following spells:

 Your Spells              Type           Power      Damage    Failure   Level
a - Sting                 Conj/Alch      0%         1d3       43%         1
Your spell library was empty.

Inventory:

Hand Weapons
 a - a +0 shortbow (weapon)
Armour
 c - a +0 leather armour (worn)
Scrolls
 b - a scroll of blinking {unknown}
Potions
 d - a potion of curing {unknown}

Dungeon Overview and Level Annotations

Branches:
Dungeon (2/15)

Altars:
Gozag

Annotations:
D:2 Sigmund


Message History

The adder is moderately wounded.
The adder barely misses you.
Enter note:
1179 ||| RETREEEEATING.
The adder bites you.
You shoot an arrow.
The arrow hits the adder but does no damage.
The adder is moderately wounded.
The adder bites you. The adder misses you.
You shoot an arrow. The arrow barely misses the adder.
The arrow hits the ball python but does no damage.
The adder closely misses you. Sigmund closely misses you.
You shoot an arrow. The arrow closely misses the adder.
The arrow closely misses the ball python.
The adder barely misses you. x2; Sigmund misses you.
You shoot an arrow. The arrow hits the adder.
The adder is severely wounded.
The adder barely misses you.
You shoot an arrow. The arrow misses the adder.
The arrow hits the ball python!
You kill the ball python!
The adder bites you.
Sigmund gestures wildly while chanting.
Sigmund flickers and vanishes!
Deactivating autopickup; reactivate with Ctrl-A.
The adder bites you but does no damage.
You have reached level 4!
You feel clever.
You shoot an arrow. The arrow closely misses the adder.
Something hits you! The adder closely misses you. The adder bites you.
You shoot an arrow. The arrow closely misses the adder.
Something hits you! The adder closely misses you.
You shoot an arrow. The arrow closely misses the adder.
The adder bites you but does no damage. Something hits you.
The adder bites you but does no damage.
You shoot an arrow.
The arrow hits the adder but does no damage.
The adder is severely wounded.
The adder completely misses you. Something hits you.
You shoot an arrow. The arrow barely misses the adder.
The adder bites you. x2
You die...

# # # ### #### ..## #...##
#..##################.@...#
##.%............@S.#...S...
##################{#.......
# #...@..... .
...............# #
#########....... .......
......! ...!..# .#...##


You could see an adder.

Vanquished Creatures
  2 adders (D:2)
  A dart slug (D:1)
  2 ribbon worms (D:2)
  2 bats (D:1)
  3 goblins (D:1)
  5 hobgoblins (D:1)
  A kobold (D:1)
  A quokka (D:1)
  4 ball pythons
  2 rats (D:1)
23 creatures vanquished.

Notes
Turn   | Place    | Note
-------+----------+-------------------------------------------
     0 | D:1      | qw the Djinni Hunter began the quest for the Orb.
     0 | D:1      | Reached XP level 1. HP: 18/18 MP: 0/0
     0 | D:1      | 0 ||| qw: Version: 0.3-a-136-gdd3b4e8
     0 | D:1      | 0 ||| qw: Game counter: 1302
     0 | D:1      | 0 ||| qw: Melee chars always use a shield: true
     0 | D:1      | 0 ||| qw: God list: Okawaru
     0 | D:1      | 0 ||| qw: Allow faded altars: false
     0 | D:1      | 0 ||| qw: Do Orc after clearing Dungeon:15 true
     0 | D:1      | 0 ||| qw: Do second Lair branch before Depths: true
     0 | D:1      | 0 ||| qw: Lair rune preference: random
     0 | D:1      | 0 ||| qw: Goals: Normal
     0 | D:1      | 0 ||| PLANNING D:1-11
   175 | D:1      | Reached XP level 2. HP: 16/23 MP: 0/0
   577 | D:1      | Reached skill level 4 in Ranged Weapons
   577 | D:1      | Reached XP level 3. HP: 28/28 MP: 0/0
   577 | D:1      | Learned a level 1 spell: Sting
   943 | D:1      | 943 ||| READING scroll labelled JOSEASH XASKU.
   944 | D:1      | 944 ||| READING scroll labelled VAUMO EKKOGGICS.
   945 | D:1      | 945 ||| DROPPING scroll of butterflies.
  1000 | D:2      | Found an opulent altar of Gozag.
  1041 | D:2      | HP: 7/29 [ribbon worm (7)]
  1171 | D:2      | Noticed Sigmund
  1172 | D:2      | 1172 ||| RETREEEEATING.
  1174 | D:2      | 1174 ||| RETREEEEATING.
  1177 | D:2      | 1177 ||| RETREEEEATING.
  1179 | D:2      | 1179 ||| RETREEEEATING.
  1185 | D:2      | Reached XP level 4. HP: 31/34 MP: 0/0
  1187 | D:2      | HP: 8/34 [something (4)]
  1188 | D:2      | HP: 2/34 [something (6)]
  1189 | D:2      | Slain by an adder

Levels and vault maps discovered:
D:1:      saegor_arrival_fortress, layout_basic
D:2:      layout_rooms, basic_altar, uniq_sigmund

Skill      XL: |  1  2 |
---------------+-------+-----
Ranged Weapons | 4 |  4.0
Fighting       | |  2.9
Dodging        | |  2.1
Stealth        | |  0.7

Action                     |  1- 3 |  4- 6 || total
---------------------------+-------+-------++-------
   Fire: Shortbow          |    99 |     5 ||   104
    Use: Scroll            |     2 |       ||     2
 Armour: Leather armour    |    29 |     9 ||    38
  Dodge: Dodged            |    40 |     3 ||    43

Table legend:
 A = Non-vault XP
 B = Vault XP
 C = Vault XP percentage of total XP
 D = Non-vault monster count
 E = Vault monster count
 F = Vault count percentage of total count
                 A         B        C        D         E       F
            +---------+---------+-------+---------+---------+-------
      Total |      69 |       0 |   0.0 |      23 |       0 |   0.0
            +---------+---------+-------+---------+---------+-------
        D:1 |      32 |       0 |   0.0 |      18 |       0 |   0.0
        D:2 |      37 |       0 |   0.0 |       5 |       0 |   0.0
            +---------+---------+-------+---------+---------+-------
